 Dungeon Crawl Stone Soup version 0.32-a0-120-gfac0567ad4 (webtiles) character file.

Game seed: 11615576489586206325

918 AlmostDecent the Chiller (level 8, -2/58 HPs)
             Began as a Gnoll Ice Elementalist on Feb 7, 2024.
             Slain by an ogre
             ... wielding a +0 giant club
              (20 damage)
             ... on level 5 of the Dungeon.
             The game lasted 00:15:08 (4716 turns).

AlmostDecent the Chiller (Gnoll Ice Elementalist)   Turns: 4716, Time: 00:15:08

Health: -2/58      AC: 11    Str:  8    XL:     8   Next: 9%
Magic:  8/16       EV: 14    Int: 17    God:
Gold:   255        SH:  0    Dex: 12    Spells: 5/18 levels left

rFire   . . .        u - +0 long sword (freeze)
rCold   . . .        (no shield)
rNeg    . . .        k - +2 robe {Will+}
rPois   +            (no helmet)
rElec   .            (no cloak)
rCorr   .            (no gloves)
SInv    .            (no boots)
Will    +....        (no amulet)
Stlth   +++          t - ring of poison resistance
HPRegen 0.29/turn    (no ring)
MPRegen 0.15/turn

%: no passive effects
@: ice-armoured, freezing walls
A: fangs 1, strong nose, distributed training
a: no special abilities


You were on level 5 of the Dungeon.
You visited 1 branch of the dungeon, and saw 5 of its levels.

You collected 255 gold pieces.

Inventory:

Hand Weapons
 e - a +2 dagger of freezing
 g - a +0 orcbow
 i - a +4 sling
 m - a +2 trident of protection
 p - a +2 dagger of venom
 u - a +0 long sword of freezing (weapon)
Armour
 a - a +0 robe
 k - a +2 robe of willpower (worn)
Jewellery
 t - a ring of poison resistance (left hand)
Talismans
 f - a serpent talisman
Wands
 w - a wand of quicksilver (8)
Scrolls
 j - a scroll of fog
 n - 2 scrolls of amnesia
 o - a scroll of vulnerability {unknown}
 r - a scroll of enchant armour {unknown}
 s - a scroll of butterflies {unknown}
Potions
 b - 2 potions of magic
 d - a potion of lignification
 h - a potion of resistance {unknown}
 l - a potion of might
 q - a potion of degeneration {unknown}
 v - a potion of curing {unknown}


   Skills:
 + Level 3.1 Fighting
 + Level 3.1 Short Blades
 + Level 3.1 Long Blades
 + Level 3.1 Axes
 + Level 3.1 Maces & Flails
 + Level 3.1 Polearms
 + Level 3.1 Staves
 + Level 3.1 Ranged Weapons
 + Level 3.1 Throwing
 + Level 3.1 Armour
 + Level 5.5 Dodging
 + Level 5.2 Stealth
 + Level 3.1 Shields
 + Level 3.1 Unarmed Combat
 + Level 5.9 Spellcasting
 + Level 2.5 Conjurations
 + Level 2.5 Hexes
 + Level 2.5 Summonings
 + Level 2.5 Necromancy
 + Level 2.5 Translocations
 + Level 2.5 Fire Magic
 + Level 7.6 Ice Magic
 + Level 2.5 Air Magic
 + Level 2.5 Earth Magic
 + Level 2.5 Alchemy
 + Level 3.4 Invocations
 + Level 3.1 Evocations
 + Level 2.8 Shapeshifting


You had 5 spell levels left.
You knew the following spells:

 Your Spells              Type           Power      Damage    Failure   Level
a - Freeze                Ice            100%       1d10      1%          1
b - Frozen Ramparts       Ice            60%        1d10      1%          3
c - Ozocubu's Armour      Ice            30%        N/A       1%          3
d - Summon Ice Beast      Ice/Summ       22%        N/A       4%          3
e - Mephitic Cloud        Conj/Alch/Air  13%        N/A       14%         3

Your spell library contained the following spells:

 Spells                   Type           Power      Damage    Failure   Level
 Mercury Vapours          Alch/Air       26%        N/A       7%          2
 Freezing Cloud           Conj/Ice/Air   9%         6-21      54%         5


Dungeon Overview and Level Annotations

Branches:
Dungeon (5/15)
 Temple: D:4-7

Altars:
Qazlal
Zin


Innate Abilities, Weirdness & Mutations

You have very sharp teeth.
Your uncanny sense of smell can sniff out nearby items.
Your experience applies equally to all skills.


Message History

The iguana barely misses you.
You closely miss the iguana.
The iguana is almost dead.
A hound comes into view.
The wall freezes the ogre.
The hound barks!
You hit the iguana but do no damage.
The iguana is almost dead.
The wall freezes the ogre!
The wall freezes the iguana!
You kill the iguana!
The wall freezes the ogre.
The ogre closely misses you.
You hit the ogre. You freeze the ogre.
The ogre is heavily wounded.
You barely miss the ogre.
The ogre is heavily wounded.
The wall freezes the ogre but does no damage.
The ogre hits you with a +0 giant club!
You barely miss the ogre.
The ogre is heavily wounded.
The frozen ramparts melt away.
The gnoll hits you but does no damage. The ogre barely misses you.
Casting: Ozocubu's Armour (safe; 1% risk of failure)
Confirm with . or Enter, or press ? or * to list all spells.
Casting: Frozen Ramparts (safe; 1% risk of failure)
Press: ? - help, Dir - look around, f - activate The walls around you are covered in ice.
A gnoll comes into view. It is wielding a +0 club.
The wall freezes the gnoll but does no damage.
The gnoll hits you but does no damage.
The wall freezes the gnoll.
The gnoll barely misses you.
The wall freezes the ogre!
The ogre hits you with a +0 giant club!
You barely miss the ogre.
The ogre is almost dead.
The wall freezes the gnoll.
The gnoll closely misses you.
The wall freezes the gnoll.
The gnoll closely misses you.
The wall freezes the hound.
The wall freezes the gnoll!
The gnoll hits you with a +0 whip!
The wall freezes the gnoll!
The gnoll barely misses you.
The wall freezes the ogre.
The ogre hits you with a +0 giant club!!
You die...

.# ###.# ∆ . #... .. ##.# ...
##..## .... ##ß..ß###.....
#######†.....O......
#.........>.@gh.....
#.....##ß..ß##g.....
#......##..## ..... #......#####
.... ###.##.# ####...g. ###.#..#
#................ #......#####.#
#..........#
#####......##....#.##..........#
.♣.ß###....#..####.#...........#


You could see an ogre, a hound and 3 gnolls.

Vanquished Creatures
  An ice beast (D:5)
  An ogre (D:4)
  4 killer bees (D:4)
  5 hounds
  An orc priest (D:4)
  Natasha (thrice) (D:4)
  2 iguanas (D:5)
  2 orc wizards
  4 gnolls
  7 adders
  2 ufetubi (D:5)
  A dart slug (D:2)
  8 orcs
  10 endoplasms
  3 giant cockroaches
  5 goblins
  14 hobgoblins
  6 jackals
  8 kobolds
  3 quokkas
  11 ball pythons
  7 bats
  A frilled lizard (D:3)
  3 rats
112 creatures vanquished.

Notes
Turn   | Place    | Note
-------+----------+-------------------------------------------
     0 | D:1      | AlmostDecent the Gnoll Ice Elementalist began the quest for
                  | the Orb.
     0 | D:1      | Reached XP level 1. HP: 13/13 MP: 6/6
    77 | D:1      | Reached XP level 2. HP: 9/20 MP: 2/7
   388 | D:1      | Reached skill level 5 in Spellcasting
   388 | D:1      | Reached XP level 3. HP: 25/25 MP: 6/9
   664 | D:1      | Reached skill level 1 in Invocations
  1132 | D:2      | Reached skill level 1 in Fighting
  1132 | D:2      | Reached skill level 1 in Short Blades
  1132 | D:2      | Reached skill level 1 in Long Blades
  1132 | D:2      | Reached skill level 1 in Axes
  1132 | D:2      | Reached skill level 1 in Maces & Flails
  1132 | D:2      | Reached skill level 1 in Polearms
  1132 | D:2      | Reached skill level 1 in Staves
  1132 | D:2      | Reached skill level 1 in Ranged Weapons
  1132 | D:2      | Reached skill level 1 in Throwing
  1132 | D:2      | Reached skill level 1 in Armour
  1132 | D:2      | Reached skill level 1 in Shields
  1132 | D:2      | Reached skill level 1 in Unarmed Combat
  1132 | D:2      | Reached skill level 1 in Evocations
  1282 | D:2      | Reached skill level 1 in Shapeshifting
  1282 | D:2      | Reached XP level 4. HP: 32/32 MP: 9/11
  1286 | D:2      | Learned a level 3 spell: Frozen Ramparts
  1290 | D:2      | Learned a level 3 spell: Ozocubu's Armour
  1294 | D:2      | Learned a level 3 spell: Summon Ice Beast
  1829 | D:2      | Reached skill level 1 in Conjurations
  1829 | D:2      | Reached skill level 1 in Hexes
  1829 | D:2      | Reached skill level 1 in Summonings
  1829 | D:2      | Reached skill level 1 in Necromancy
  1829 | D:2      | Reached skill level 1 in Translocations
  1829 | D:2      | Reached skill level 1 in Fire Magic
  1829 | D:2      | Reached skill level 1 in Air Magic
  1829 | D:2      | Reached skill level 1 in Earth Magic
  1829 | D:2      | Reached skill level 1 in Alchemy
  2097 | D:3      | Reached XP level 5. HP: 34/37 MP: 8/12
  3121 | D:3      | Found a faded altar of an unknown god.
  3125 | D:3      | Found a stormy altar of Qazlal.
  3500 | D:4      | Noticed Natasha
  3511 | D:4      | Killed Natasha
  3514 | D:4      | Reached XP level 6. HP: 26/44 MP: 5/13
  3670 | D:4      | Reached skill level 5 in Dodging
  3722 | D:4      | Reached XP level 7. HP: 43/51 MP: 11/15
  3940 | D:4      | Noticed Natasha
  3952 | D:4      | Killed Natasha
  3982 | D:4      | Noticed Natasha
  3987 | D:4      | Killed Natasha
  4077 | D:4      | Reached skill level 5 in Stealth
  4289 | D:5      | Entered Level 5 of the Dungeon
  4353 | D:5      | Learned a level 3 spell: Mephitic Cloud
  4655 | D:5      | Found a glowing silver altar of Zin.
  4687 | D:5      | Reached XP level 8. HP: 51/58 MP: 12/16
  4716 | D:5      | Slain by an ogre

Illustrated notes

Levels and vault maps discovered:
D:1:      dpeg_arrival_concentric_ovals, layout_basic, minmay_tripent
D:2:      minmay_wonky_spiral, layout_loops_ring, chequers_serial_rivers_small_3
D:3:      layout_basic, nicolae_overflow_ecumenical_swirl,
          mrwooster_statue_mirror, nicolae_hexahallways, minmay_distorted
D:4:      layout_rooms, uniq_natasha
D:5:      layout_rooms, grunt_temple_overflow_opulence,
          nzn_hepliaklqana_mist_gate, zin_academy,
          minmay_temple_entry_antechambers, st_stairs_6

Skill      XL: |  1  2  3  4  5  6  7 |
---------------+----------------------+-----
Spellcasting   | 5 |  5.9
Invocations    | 1 2 3 |  3.4
Fighting       | 1 2 3 |  3.1
Short Blades   | 1 2 3 |  3.1
Long Blades    | 1 2 3 |  3.1
Axes           | 1 2 3 |  3.1
Maces & Flails | 1 2 3 |  3.1
Polearms       | 1 2 3 |  3.1
Staves         | 1 2 3 |  3.1
Ranged Weapons | 1 2 3 |  3.1
Throwing       | 1 2 3 |  3.1
Armour         | 1 2 3 |  3.1
Shields        | 1 2 3 |  3.1
Unarmed Combat | 1 2 3 |  3.1
Evocations     | 1 2 3 |  3.1
Shapeshifting  | 1 2 |  2.8
Conjurations   | 1 2 |  2.5
Hexes          | 1 2 |  2.5
Summonings     | 1 2 |  2.5
Necromancy     | 1 2 |  2.5
Translocations | 1 2 |  2.5
Fire Magic     | 1 2 |  2.5
Air Magic      | 1 2 |  2.5
Earth Magic    | 1 2 |  2.5
Alchemy        | 1 2 |  2.5
Dodging        | 5 |  5.5
Stealth        | 5 |  5.2
Ice Magic      | |  7.6

Action                     |  1- 3 |  4- 6 |  7- 9 || total
---------------------------+-------+-------+-------++-------
  Melee: Dagger            |     4 |    13 |       ||    17
         Unarmed           |     1 |       |       ||     1
         Long sword        |       |     7 |    77 ||    84
         Punch             |       |     1 |     2 ||     3
         Bite              |       |       |    10 ||    10
   Cast: Freeze            |    36 |    78 |     3 ||   117
         Frozen Ramparts   |       |     3 |     7 ||    10
         Ozocubu's Armour  |       |       |     1 ||     1
    Use: Scroll            |       |     5 |     1 ||     6
         Potion            |       |       |     3 ||     3
   Stab: Sleeping          |       |       |     2 ||     2
 Armour: Robe              |    12 |    46 |    65 ||   123
  Dodge: Dodged            |    19 |    53 |    74 ||   146

Table legend: (Time is in decaauts)
 A = Elapsed time spent in this place.
 B = Non-inter-level travel time spent in this place.
 C = Inter-level travel time spent in this place.
 D = Time resting spent in this place.
 E = Time spent auto-exploring this place.
 F = Levels seen in this place.
 G = Mean time per level.
                   A        B        C        D        E       F      G
               +--------+--------+--------+--------+--------+-----+--------+
         Total |   4741 |   4591 |    150 |      0 |   3825 |   5 |  948.2 |
       Dungeon |   4741 |   4591 |    150 |      0 |   3825 |   5 |  948.2 |
               +--------+--------+--------+--------+--------+-----+--------+

Top non-repeatable levels by time:
     D:3: 1280 daAuts
     D:1: 1066 daAuts
     D:2: 1031 daAuts
     D:4: 924 daAuts
     D:5: 439 daAuts
